 Dungeon Crawl Stone Soup version 0.30.1-3-gfc49f6343a (webtiles) character file.

Game seed: 14928131379373204328

48 inyourholes the Trooper (level 3, 0/49 HPs)
             Began as a Minotaur Berserker on July 20, 2023.
             Was a Follower of Trog.
             Slain by an orc wizard
             ... wielding a +0 hand axe
              (2 damage)
             ... on level 2 of the Dungeon.
             The game lasted 00:03:43 (1110 turns).

inyourholes the Trooper (Minotaur Berserker)        Turns: 1110, Time: 00:03:44

Health: 0/49       AC: 10    Str: 23    XL:     3   Next: 50%
Magic:  2/2        EV:  8    Int:  4    God:    Trog [*.....]
Gold:   96         SH:  2    Dex:  9    Spells: 2/2 levels left

rFire   . . .        a - +0 hand axe
rCold   . . .        h - +0 buckler
rNeg    . . .        d - +0 chain mail
rPois   .            c - +0 hat
rElec   .            (no cloak)
rCorr   .            e - +0 pair of gloves
SInv    .            (no boots)
Will    .....        (no amulet) Stlth
                     (no ring)
HPRegen 0.28/turn    (no ring)
MPRegen 0.08/turn

%: no passive effects
@: berserking, very quick
A: horns 2, retaliatory headbutt
a: Renounce Religion, Berserk


You were on level 2 of the Dungeon.
You worshipped Trog.
Trog was aware of your devotion.
You visited 1 branch of the dungeon, and saw 2 of its levels.

You collected 96 gold pieces.

Inventory:

Hand Weapons
 a - a +0 hand axe (weapon)
Missiles
 i - 4 silver boomerangs (quivered)
Armour
 c - a +0 hat (worn)
 d - a +0 chain mail (worn)
 e - a +0 pair of gloves (worn)
 h - a +0 buckler (worn)
Jewellery
 j - a ring of ice
Scrolls
 f - 3 scrolls of identify {unknown}
 g - a scroll of teleportation {unknown}
Potions
 b - a potion of might {unknown}


   Skills:
 + Level 4.1 Fighting
 + Level 4.1 Axes
 + Level 3.2 Armour
 + Level 2.8 Dodging


You had 2 spell levels left.
You didn't know any spells.
Your spell library was empty.

Dungeon Overview and Level Annotations

Branches:
Dungeon (2/15)

Altars:


Innate Abilities, Weirdness & Mutations

You have a pair of horns on your head.
You reflexively headbutt those who attack you in melee.


Message History

The orc wizard gestures at you while chanting.
You are more confused.
You are too confused!
You bump into the rock wall.
The orc wizard hits you with a +0 hand axe.
* * * LOW HITPOINT WARNING * * *
Unknown command.
Unknown command.
You are too confused!
You're too confused to move!
The orc wizard barely misses you.
The orc wizard points at you and mumbles some strange words.
You resist with significant effort.
Items here: ! ) [ †.
You are too confused!
You bump into the rock wall.
The orc wizard hits you but does no damage.
You're too confused to move!
The orc wizard gestures wildly while chanting.
The orc wizard flickers and vanishes!
Deactivating autopickup; reactivate with Ctrl-A.
You bump into the rock wall.
Something hits you but does no damage.
You barely miss something. You headbutt something.
You feel less confused.
You hear some strange, mumbled words.
Something tries to affect you, but you resist.
You see here a +0 dagger.
You hear some strange, mumbled words.
Something tries to affect you, but you resist.
You see here a +0 spear.
You see here a +0 hand axe.
A puff of flame appears from out of thin air!
The puff of flame hits you.
* * * LOW HITPOINT WARNING * * *
A red film seems to cover your vision as you go berserk!
You feel yourself moving faster!
You feel mighty!
You feel a strong urge to attack something.
You see here a +0 hand axe.
You barely miss something. Something hits you but does no damage.
You miss something. Something hits you.
You die...

#.#.###...######
###
#.............
..#
######.#..####
#.# #....#### #.#
###.....# #.#
##### #...... #.#
#[..# ######.
#.###########.#.#
#.
#))..))..@....#.#
..
###############.#
#.. #.# #.. #.#
#.. #.# ### #.#
#. #.# ## #.# #.#


There were no monsters in sight!

Vanquished Creatures
  An adder (D:2)
  2 dart slugs
  2 orcs (D:2)
  A bat (D:1)
  4 endoplasms (D:1)
  2 giant cockroaches (D:1)
  3 goblins
  2 hobgoblins
  2 kobolds
  A quokka (D:1)
  3 ball pythons
  A frilled lizard (D:1)
  6 rats
30 creatures vanquished.

Notes
Turn   | Place    | Note
-------+----------+-------------------------------------------
     0 | D:1      | inyourholes the Minotaur Berserker began the quest for the
                  | Orb.
     0 | D:1      | Reached XP level 1. HP: 19/19 MP: 0/0
   268 | D:1      | Reached XP level 2. HP: 27/27 MP: 1/1
   823 | D:2      | Reached XP level 3. HP: 29/33 MP: 2/2
  1092 | D:2      | HP: 1/33 [orc wizard/+0 hand axe (3)]
  1106 | D:2      | HP: 1/33 [something/puff of flame (4)]
  1110 | D:2      | Slain by an orc wizard

Illustrated notes

Levels and vault maps discovered:
D:1:      amcnicky_arrival_choice, layout_loops_cross
D:2:      layout_basic

Skill      XL: |  1  2 |
---------------+-------+-----
Fighting       | 4 |  4.1
Axes           | 4 |  4.1
Armour         | 3 |  3.2
Dodging        | |  2.8

Action                     || total
---------------------------++-------
  Melee: Hand axe          ||    71
         Headbutt          ||     7
 Invoke: Berserk           ||     1
 Armour: Chain mail        ||    48
  Dodge: Dodged            ||    31
  Block: Buckler           ||     3
